 Dungeon Crawl Stone Soup version 0.28-a0-909-g796cbd3a86 (webtiles) character file.

Game seed: 4309844261098220318

70 ytrimaz the Skirmisher (level 4, 0/35 HPs)
             Began as a Demonspawn Fighter on Nov 24, 2021.
             Slain by an orc (5 damage)
             ... on level 3 of the Dungeon.
             The game lasted 00:03:19 (2342 turns).

ytrimaz the Skirmisher (Demonspawn Fighter)         Turns: 2342, Time: 00:03:20

Health: 0/35       AC: 12    Str: 18    XL:     4   Next: 4%
Magic:  4/4        EV:  5    Int:  9    God:
Gold:   90         SH:  4    Dex: 12    Spells: 3/3 levels left

rFire   . . .      SeeInvis .   a - +0 war axe
rCold   . . .      Faith    .   c - +0 buckler
rNeg    . . .      Spirit   .   h - +0 plate armour
rPois   .          Reflect  .   (no helmet)
rElec   .          Harm     .   j - +0 cloak
rCorr   .          Rampage  .   (no gloves)
Will    .....                   (no boots)
Stlth   ..........              (no amulet)
HPRegen 0.11/turn               (no ring)
MPRegen 0.09/turn               (no ring)

@: no status effects
A: weakness stinger 2
a: no special abilities


You were on level 3 of the Dungeon.
You visited 1 branch of the dungeon, and saw 3 of its levels.

You collected 90 gold pieces.

Inventory:

Hand Weapons
 a - a +0 war axe (weapon)
Armour
 c - a +0 buckler (worn)
 h - a +0 plate armour (worn)
 j - a +0 cloak (worn)
Scrolls
 n - a scroll of holy word {unknown}
Potions
 b - a potion of degeneration {unknown}
 d - a potion of might
 e - a potion of attraction
 f - a potion of resistance {unknown}
 g - 2 potions of lignification
 i - a potion of haste {unknown}
 k - a potion of heal wounds {unknown}
 l - a potion of flight {unknown}
 m - a potion of brilliance {unknown}
 o - a potion of mutation {unknown}


   Skills:
 * Level 3.5 Fighting
 + Level 2.3 Axes
 * Level 3.4 Armour
 * Level 3.1 Shields


You had 3 spell levels left.
You didn't know any spells.
Your spell library contained the following spells:

 Spells                   Type           Power      Damage    Failure   Level
 Sandblast                Erth           0%         2d4       100%        1
 Slow                     Hex            0%         N/A       100%        1
 Passwall                 Tmut/Erth      0%         N/A       100%        2
 Confusing Touch          Hex            0%         N/A       100%        3
 Stone Arrow              Conj/Erth      0%         3d7       100%        3
 Yara's Violent Unravell  Hex/Tmut       0%         3d3       100%        5


Dungeon Overview and Level Annotations

Branches:
Dungeon (3/15)

Altars:
The Shining One


Innate Abilities, Weirdness & Mutations

You have a tail ending in a sharp stinger.


Message History

You barely miss the orc. The orc barely misses you.
Your plate armour prevents you from hitting the orc.
You tail-slap the orc.
The orc is moderately wounded.
The orc barely misses you. The orc hits you but does no damage.
You hit the orc.
The orc is heavily wounded.
The orc hits you but does no damage.
You hit the orc.
You kill the orc!
You closely miss something.
Your tail-slap misses something.
Something hits you but does no damage. The orc hits you but does no damage.
Something hits you but does no damage.
You barely miss something. The orc hits you but does no damage.
Something hits you. The orc hits you but does no damage.
You closely miss something. Something hits you but does no damage.
The orc hits you from afar with a +0 trident.
You hear some strange, mumbled words.
You are confused.
You miss something. The orc hits you but does no damage.
You hear some strange, mumbled words.
A puff of flame appears from out of thin air!
The puff of flame hits you. The orc hits you but does no damage.
You bump into the rock wall.
Something hits you but does no damage. The orc hits you but does no damage.
You closely miss something. You tail-slap something. Something hits you.
The orc hits you but does no damage.
You miss something. Something hits you but does no damage.
The orc hits you from afar with a +0 trident.
* * * LOW HITPOINT WARNING * * *
Something hits you but does no damage.
You miss something. The orc barely misses you.
Something hits you but does no damage.
The orc hits you from afar with a +0 trident.
* * * LOW HITPOINT WARNING * * *
You barely miss something.
You feel less confused. You block something's attack.
The orc hits you from afar with a +0 trident.
You die...

#.# ##...# # #
#... #.# ##.....##
.# ## #.#. ..#
#.......###.##.##
#...
..####...........
....### .#..#
.....+..........
...... .......
..####.........
#...# ##..... .##
#.......# #..#
###... ##
#......#####.#
#### #
##...#.o{@...# #
##+########.# #
#.# ######.# # #.#
#......# #######
##.###.######
......###........#
##..##.#.....#.#.#
..<..#.##...##.#.#
##.............# #


You could see an orc.

Vanquished Creatures
  An adder (D:2)
  A worm (D:2)
  An orc (D:3)
  2 ball pythons
  6 endoplasms
  A giant cockroach (D:2)
  4 goblins
  A hobgoblin (D:1)
  7 jackals
  3 quokkas
  7 bats
  4 frilled lizards
  9 kobolds
  5 rats
52 creatures vanquished.

Vanquished Creatures (others)
  6 plants (D:1)
  3 withered plants (D:3)
9 creatures vanquished.

Grand Total: 61 creatures vanquished

Notes
Turn   | Place    | Note
-------+----------+-------------------------------------------
     0 | D:1      | ytrimaz the Demonspawn Fighter began the quest for the Orb.
     0 | D:1      | Reached XP level 1. HP: 18/18 MP: 1/1
   305 | D:1      | Gained mutation: You have a small tail. [demonic ancestry]
   305 | D:1      | Reached XP level 2. HP: 20/24 MP: 2/2
   664 | D:1      | You fall into a shaft and drop 1 floor!
   730 | D:1      | Gained mutation: You have a tail ending in a sharp stinger.
                  | [demonic ancestry]
   730 | D:1      | Reached XP level 3. HP: 29/29 MP: 3/3
  1820 | D:3      | Found a faded altar of an unknown god.
  2078 | D:3      | Reached XP level 4. HP: 35/35 MP: 4/4
  2342 | D:3      | Slain by an orc

Illustrated notes

Levels and vault maps discovered:
D:1:      scummos_arrival_hexagon, layout_loops_ring, hangedman_feature_mirror,
          serial_bayou_lake_a
D:2:      layout_loops_ring, basic_altar, nrook_mini_vaults,
          minmay_stone_trees_small
D:3:      layout_loops_corners, ebering_ecumenical_altar_petrified

Skill      XL: |  1  2  3 |
---------------+----------+-----
Armour         | 3 |  3.4
Axes           | 2 |  2.3
Shields        | 3 |  3.1
Fighting       | |  3.5

Action                   |  1- 3 |  4- 6 || total
-------------------------+-------+-------++-------
Melee: War axe           |   105 |    16 ||   121
       Tailslap          |    10 |     2 ||    12
  Use: Scroll            |     4 |       ||     4
Armor: Scale mail        |    15 |       ||    15
       Plate armour      |    62 |    25 ||    87
Dodge: Dodged            |    40 |     7 ||    47
Block: Buckler           |    20 |     2 ||    22

Table legend: (Time is in decaauts)
 A = Elapsed time spent in this place.
 B = Non-inter-level travel time spent in this place.
 C = Inter-level travel time spent in this place.
 D = Time resting spent in this place.
 E = Time spent auto-exploring this place.
 F = Levels seen in this place.
 G = Mean time per level.
                   A        B        C        D        E       F      G
               +--------+--------+--------+--------+--------+-----+--------+
         Total |   2437 |   2351 |     86 |      0 |   1880 |   3 |  812.3 |
       Dungeon |   2437 |   2351 |     86 |      0 |   1880 |   3 |  812.3 |
               +--------+--------+--------+--------+--------+-----+--------+

Top non-repeatable levels by time:
     D:1: 1206 daAuts
     D:2: 692 daAuts
     D:3: 538 daAuts
